 Dungeon Crawl Stone Soup version 0.29-a0-1023-g6ae1a4a2c7 (webtiles) character file.

Game seed: 17734016477658854894

23 drugrobin the Chopper (level 2, 0/24 HPs)
             Began as a Demigod Gladiator on Aug 12, 2022.
             Slain by a gnoll
             ... wielding a +0 halberd
              (10 damage)
             ... on level 2 of the Dungeon.
             The game lasted 00:01:35 (1072 turns).

drugrobin the Chopper (Demigod Gladiator)           Turns: 1072, Time: 00:01:35

Health: 0/24       AC:  9    Str: 15    XL:     2   Next: 54%
Magic:  4/4        EV:  7    Int: 10    God:
Gold:   46         SH:  0    Dex: 15    Spells: 1/1 levels left

rFire   . . .      SeeInvis .   a - +0 war axe
rCold   . . .      Faith    .   (no shield)
rNeg    . . .      Spirit   .   f - +0 chain mail
rPois   .          Reflect  .   c - +0 helmet
rElec   .          Harm     .   (no cloak)
rCorr   .          Rampage  .   (no gloves)
Will    .....                   (no boots)
Stlth   ..........              (no amulet)
HPRegen 0.08/turn               (no ring)
MPRegen 0.09/turn               (no ring)

@: no status effects
A: high MP 1, forlorn, divine attributes
a: no special abilities


You were on level 2 of the Dungeon.
You visited 1 branch of the dungeon, and saw 2 of its levels.

You collected 46 gold pieces.

Inventory:

Hand Weapons
 a - a +0 war axe (weapon)
 b - a +0 sling
Missiles
 d - 3 throwing nets (quivered)
 e - a javelin
 h - 6 poisoned darts
Armour
 c - a +0 helmet (worn)
 f - a +0 chain mail (worn)
 m - a +0 leather armour
Magical Staves
 g - a staff of poison
Scrolls
 j - a scroll of butterflies {unknown}
 k - a scroll of enchant armour {unknown}
 l - a scroll of identify {unknown}
Potions
 i - 2 potions of brilliance {unknown}


   Skills:
 - Level 1.7 Fighting
 + Level 3.7 Axes
 - Level 1.7 Throwing
 - Level 2.6 Dodging


You had one spell level left.
You didn't know any spells.
Your spell library was empty.

Dungeon Overview and Level Annotations

Branches:
Dungeon (2/15)


Innate Abilities, Weirdness & Mutations

You have an increased reservoir of magic. (+10% MP)
You shall have no god before yourself.
Your divine heritage dramatically boosts your attributes as you level up.


Message History

Fire: b) +0 sling
Press: ? - help, Q - select action, (/) - cycle Shift-Dir - straight line, f/p - kobold
Aim: a kobold, wielding a +0 dagger and quivering stones (moderately wounded, 45% to hit)
You shoot a sling bullet.
The sling bullet closely misses the kobold.
A gnoll comes into view. It is wielding a +0 halberd.
Fire: b) +0 sling
Press: ? - help, Q - select action, (/) - cycle Shift-Dir - straight line, f/p - kobold
Aim: a kobold, wielding a +0 dagger and quivering stones (moderately wounded, 45% to hit)
You shoot a sling bullet.
The sling bullet barely misses the kobold.
The sling bullet hits the gnoll!
The gnoll is severely wounded.
The kobold hits you with a +0 dagger.
Unknown command.
Unknown command.
a - a +0 war axe (weapon)
Unknown command.
You hit the kobold.
The kobold is heavily wounded.
The kobold hits you but does no damage.
The gnoll hits you from afar with a +0 halberd!
Ouch! That really hurt!
The kobold closely misses you.
You hit the kobold.
You kill the kobold!
The gnoll hits you from afar with a +0 halberd.
* * * LOW HITPOINT WARNING * * *
Unknown command.
There is an escape hatch in the ceiling here.
The gnoll barely misses you. The gnoll hits you but does no damage.
The gnoll hits you from afar with a +0 halberd.
You slash the gnoll!
The gnoll is almost dead.
The gnoll closely misses you.
You hit the gnoll.
You kill the gnoll!
The gnoll hits you from afar with a +0 halberd!
You die...

. #######....
g...)......
##################
#.......g.@#
#.########)# #.#
#.# #.# #.# #g###
#.# #...# #.#
#########.# #.# ##
...<.g.g..# #.# #.
########### #.# #.


You could see a gnoll.

Vanquished Creatures
  A gnoll (D:2)
  2 endoplasms (D:1)
  A giant cockroach (D:1)
  2 goblins (D:1)
  A hobgoblin (D:1)
  2 kobolds
  2 quokkas (D:1)
  3 ball pythons (D:1)
  5 bats (D:1)
  2 frilled lizards
  A rat (D:1)
22 creatures vanquished.

Notes
Turn   | Place    | Note
-------+----------+-------------------------------------------
     0 | D:1      | drugrobin the Demigod Gladiator began the quest for the
                  | Orb.
     0 | D:1      | Reached XP level 1. HP: 17/17 MP: 3/3
   151 | D:1      | Reached skill level 3 in Axes
   222 | D:1      | Reached XP level 2. HP: 24/24 MP: 4/4
  1072 | D:2      | Slain by a gnoll

Illustrated notes

Levels and vault maps discovered:
D:1:      tarquinn_simple_flora_water_d, layout_basic,
          chequers_ecumenical_altar_lobes
D:2:      layout_basic, minmay_tiny_reverse_x

Skill      XL: |  1 |
---------------+----+-----
Axes           | 3 |  3.7
Fighting       | |  1.7
Throwing       | |  1.7
Dodging        | |  2.6

Action                   || total
-------------------------++-------
Melee: War axe           ||    46
 Fire: Sling             ||     6
Armor: Chain mail        ||    32
       Leather armour    ||     1
Dodge: Dodged            ||    22

Table legend: (Time is in decaauts)
 A = Elapsed time spent in this place.
 B = Non-inter-level travel time spent in this place.
 C = Inter-level travel time spent in this place.
 D = Time resting spent in this place.
 E = Time spent auto-exploring this place.
 F = Levels seen in this place.
 G = Mean time per level.
                   A        B        C        D        E       F      G
               +--------+--------+--------+--------+--------+-----+--------+
         Total |   1091 |   1069 |     22 |      0 |    829 |   2 |  545.5 |
       Dungeon |   1091 |   1069 |     22 |      0 |    829 |   2 |  545.5 |
               +--------+--------+--------+--------+--------+-----+--------+

Top non-repeatable levels by time:
     D:1: 884 daAuts
     D:2: 206 daAuts
